cohdb
Replays
Latest Replays
All Replays
Popular Replays
Top Player Replays
Match Explorer
How It Works
Community
CoH3 Stats
Reddit
Sign in to upload your games and track your stats! →
Sign in with Steam
Match 45321796
Unlisted
Match 45321796
Overview
Messages
Build Orders
End
Selects Special Operations Battlegroup
Selects M29 Weasel Recon Vehicle
M29 Weasel Recon Vehicle
Engineer Squad
Construct Barracks
Riflemen Squad
Riflemen Squad
Grenade Package
Construct Weapon Support Center
Infantry Support Center
Bazooka Squad
M3 Armored Personnel Carrier
Riflemen Squad
Selects Raiding Flares
Selects P-47 Anti-Infantry Loiter
Selects UNKNOWN (2162291)
Construct Tank Depot
Selects Raiding Flares
Selects SSF Commando Squad
M4A1 Sherman Whizbang
Raiding Flares
Engineer Squad
M4(105) Sherman Bulldozer
P-47 Anti-Infantry Loiter
SSF Commando Squad
Selects Air Re-supply Operation
Advanced Logistics
Raiding Flares
SSF Commando Squad
M4A1 Sherman Whizbang
M18 Hellcat Tank Destroyer
M1918 Browning Automatic Rifles
P-47 Anti-Infantry Loiter
Engineer Squad
rangeman
jde513
eorkf9
Raiden
likewind3
rabbit hole
0
0
Comments
sign in to comment!
No comments posted yet!